 Dungeon Crawl Stone Soup version 0.29-a0-490-g77b3608bb8 (webtiles) character file.

Game seed: 12077008655123794046

1189 bande the Chopper (level 8, -1/73 HPs)
             Began as a Gargoyle Fighter on May 27, 2022.
             Slain by a killer bee (5 damage)
             ... on level 7 of the Dungeon.
             The game lasted 00:09:05 (4724 turns).

bande the Chopper (Gargoyle Fighter)                Turns: 4724, Time: 00:09:07

Health: -1/73      AC: 24    Str: 26    XL:     8   Next: 43%
Magic:  8/8        EV:  2    Int:  9    God:
Gold:   258        SH:  5    Dex: 11    Spells: 6/7 levels left

rFire   . . .      SeeInvis .   a - +1 war axe
rCold   . . .      Faith    .   c - +0 buckler
rNeg    + . .      Spirit   .   (body armour currently unavailable)
rPois   ∞          Reflect  .   (helmet currently unavailable)
rElec   .          Harm     .   (cloak currently unavailable)
rCorr   .          Rampage  .   (gloves currently unavailable)
Will    +....      NoTele   +   (boots currently unavailable)
Stlth   +.........              (no amulet)
HPRegen 0.22/turn               s - ring of willpower
MPRegen 0.11/turn               k - +6 ring of strength

@: tree-form
A: stationary, stasis, torment immunity, boosted hp, sickness immunity, AC +5,
negative energy resistance 1, (electricity resistance), torment resistance 1,
petrification resistance
a: no special abilities


You were on level 7 of the Dungeon.
You were a tree.
You visited 1 branch of the dungeon, and saw 7 of its levels.

You collected 258 gold pieces.

Inventory:

Hand Weapons
 a - a +1 war axe (weapon)
 n - a +0 flail
Missiles
 v - 4 boomerangs of dispersal (quivered)
Armour
 c - a +0 buckler (worn)
 g - a +0 plate armour (melded)
 q - a +0 pair of boots (melded)
Jewellery
 j - a +6 ring of intelligence
 k - a +6 ring of strength (right branch)
 s - a ring of willpower (left branch)
Wands
 e - a wand of digging (2)
 o - a wand of iceblast (6)
Scrolls
 h - 2 scrolls of magic mapping
 t - 3 scrolls of fear
Potions
 b - a potion of attraction {unknown}
 d - 2 potions of might
 f - a potion of lignification
 i - a potion of heal wounds {unknown}
 r - 2 potions of degeneration {unknown}
 u - a potion of mutation {unknown}
 w - a potion of haste {unknown}
 x - 2 potions of cancellation
 z - 2 potions of curing {unknown}


   Skills:
 + Level 5.1 Fighting
 + Level 6.1 Axes
 + Level 5.6 Armour
 + Level 4.8 Shields
 * Level 3.0 Evocations


You had 6 spell levels left.
You knew the following spells:

 Your Spells              Type           Power      Damage    Failure   Level
a - Apportation           Tloc           0%         N/A       45%         1

Your spell library contained the following spells:

 Spells                   Type           Power      Damage    Failure   Level
 Beastly Appendage        Tmut           0%         N/A       45%         1
 Necrotize                Necr           0%         1d4       45%         1
 Slow                     Hex            0%         N/A       45%         1
 Summon Small Mammal      Summ           0%         N/A       45%         1
 Wereblood                Tmut           0%         N/A       61%         2
 Confusing Touch          Hex            0%         N/A       83%         3
 Spider Form              Tmut/Pois      0%         N/A       83%         3
 Vampiric Draining        Necr           0%         2d6       83%         3


Dungeon Overview and Level Annotations

Branches:
Dungeon (8/15)
 Temple: D:4-7         Lair: D:8-11

Altars:
Trog
Uskayaw
Yredelemnul

Shops:
D:3 (


Innate Abilities, Weirdness & Mutations

You are a tree.
Your roots penetrate the ground, keeping you stationary.
You cannot be teleported.
You are immune to unholy pain and torment.
Your maximum health is greatly increased.
Your equipment is partially melded.
You are immune to sickness and miasma.
((Your stone body is resilient. (AC +5)))
You are immune to poison.
You resist negative energy. (rN+)
((You are resistant to electric shocks. (rElec)))
You are resistant to unholy torment.
You are immune to petrification.


Message History

The killer bee stings you but does no damage.
The killer bee stings you. The killer bee barely misses you. x2
Unknown command.
You hit the killer bee.
The killer bee is moderately wounded.
You miss the killer bee. You hit the killer bee. The killer bee stings you. x2
The killer bee stings you but does no damage.
The killer bee stings you!
* * * LOW HITPOINT WARNING * * *
The killer bee stings you but does no damage.
The killer bee stings you.
* * * LOW HITPOINT WARNING * * *
The killer bee barely misses you. x2; The killer bee completely misses you.
You miss the killer bee.
The killer bee is lightly wounded.
You miss the killer bee. You barely miss the killer bee.
The killer bee barely misses you.
The killer bee stings you but does no damage. x2
The killer bee barely misses you. x2; You block the killer bee's attack.
Unknown command.
You miss the killer bee.
The killer bee is lightly wounded.
You closely miss the killer bee. You barely miss the killer bee.
The killer bee stings you but does no damage.
The killer bee stings you.
* * * LOW HITPOINT WARNING * * *
The killer bee stings you but does no damage.
The killer bee stings you.
* * * LOW HITPOINT WARNING * * *
The killer bee stings you but does no damage.
The killer bee barely misses you.
The killer bee stings you but does no damage. x2
The killer bee barely misses you.
It was a potion of lignification.
You turn into a tree.
Your +0 pair of boots melds into your body.
Your +0 plate armour melds into your body.
Your roots penetrate the ground.
The killer bee stings you but does no damage.
The killer bee barely misses you. x2; The killer bee stings you.
You die...

################
......yy........
...)..y♣........
######....##..##...
##..#########>.##
#........)......#
#.....^.........#
##..[##.........#
##...##.........#
#..........##..##
#..........####..


You could see 3 killer bees.

Vanquished Creatures
  A hornet (D:5)
  A wyvern (D:8)
  2 black bears
  A necrophage (D:4)
  2 scorpions
  A howler monkey (D:5)
  3 orc priests
  Jessica (D:2)
  Ijyb (D:4)
  An iguana (D:5)
  2 orc wizards (D:5)
  9 adders
  2 worms
  12 orcs
  7 bats
  9 endoplasms
  5 giant cockroaches
  10 hobgoblins
  3 jackals (D:1)
  9 kobolds
  6 quokkas
  8 ball pythons
  3 frilled lizards
  10 goblins
  5 rats
114 creatures vanquished.

Vanquished Creatures (others)
  An orc wizard (D:5)
  A plant (D:3)
2 creatures vanquished.

Grand Total: 116 creatures vanquished

Notes
Turn   | Place    | Note
-------+----------+-------------------------------------------
     0 | D:1      | bande the Gargoyle Fighter began the quest for the Orb.
     0 | D:1      | Reached XP level 1. HP: 14/14 MP: 1/1
   190 | D:1      | Reached XP level 2. HP: 16/19 MP: 2/2
   324 | D:1      | Found a faded altar of an unknown god.
   566 | D:1      | Reached skill level 2 in Axes
   601 | D:1      | Reached XP level 3. HP: 17/23 MP: 3/3
  1368 | D:2      | Reached XP level 4. HP: 23/28 MP: 4/4
  1451 | D:2      | Noticed Jessica
  1466 | D:2      | Killed Jessica
  1467 | D:2      | Reached skill level 3 in Axes
  2078 | D:3      | Reached XP level 5. HP: 31/33 MP: 5/5
  2707 | D:3      | Found a bloodstained altar of Trog.
  2774 | D:3      | Found Bohynn's Weapon Boutique.
  3214 | D:4      | Found a hide-covered altar of Uskayaw.
  3351 | D:4      | Found a basalt altar of Yredelemnul.
  3371 | D:4      | Reached skill level 4 in Axes
  3371 | D:4      | Reached XP level 6. HP: 38/38 MP: 6/6
  3517 | D:4      | Noticed a black bear
  3518 | D:4      | Noticed Ijyb
  3525 | D:4      | Killed a black bear
  3526 | D:4      | Reached skill level 1 in Evocations
  3538 | D:4      | Killed Ijyb
  3980 | D:4      | Reached XP level 7. HP: 38/43 MP: 7/7
  4094 | D:5      | Entered Level 5 of the Dungeon
  4146 | D:5      | Reached skill level 5 in Axes
  4146 | D:5      | Noticed a hornet
  4157 | D:5      | Reached skill level 5 in Armour
  4188 | D:5      | HP: 1/44 [hornet (4)]
  4189 | D:5      | Killed a hornet
  4190 | D:5      | Reached XP level 8. HP: 2/48 MP: 8/8
  4580 | D:5      | You fall into a shaft and drop 3 floors!
  4590 | D:8      | Noticed a wyvern
  4595 | D:8      | Killed a wyvern
  4596 | D:8      | Reached skill level 5 in Fighting
  4596 | D:8      | Reached skill level 6 in Axes
  4695 | D:7      | Learned a level 1 spell: Apportation
  4723 | D:7      | HP: 2/49 [killer bee (2)]
  4724 | D:7      | Slain by a killer bee

Illustrated notes

Levels and vault maps discovered:
D:1:      lightli_arrival_windingriver, layout_basic,
          hellmonk_ecumenical_altar_blasted, amcnicky_mini_pool_small
D:2:      layout_basic, uniq_jessica
D:3:      cheibrodos_old_hovel, layout_loops_corners, trog_antimagical,
          serial_shops, shop
D:4:      layout_loops_ring, mainiacjoe_overflow_boulevard,
          mainiacjoe_overflow_24_doors, uniq_ijyb
D:5:      layout_loops_ring
D:7:      layout_gridville, minmay_temple_entry_statues, uniq_duvessa
D:8:      layout_gridville, nicolae_overflow_quartered_altars,
          minmay_misc_feat_x

Skill      XL: |  1  2  3  4  5  6  7  8 |
---------------+-------------------------+-----
Axes           | 2 3 4 5 6 |  6.1
Armour         | 4 5 |  5.6
Shields        | 4 |  4.8
Fighting       | 4 5 |  5.1
Evocations     | 1 2 3 |  3.0

Action                   |  1- 3 |  4- 6 |  7- 9 || total
-------------------------+-------+-------+-------++-------
Melee: War axe           |    96 |   180 |    65 ||   341
  Use: Scroll            |       |     3 |     4 ||     7
       Potion            |       |       |     3 ||     3
Armor: Scale mail        |    71 |    12 |       ||    83
       Plate armour      |       |   150 |    91 ||   241
       Skin              |       |       |     1 ||     1
Dodge: Dodged            |    48 |    60 |    42 ||   150
Block: Buckler           |    31 |    53 |    22 ||   106

Table legend: (Time is in decaauts)
 A = Elapsed time spent in this place.
 B = Non-inter-level travel time spent in this place.
 C = Inter-level travel time spent in this place.
 D = Time resting spent in this place.
 E = Time spent auto-exploring this place.
 F = Levels seen in this place.
 G = Mean time per level.
                   A        B        C        D        E       F      G
               +--------+--------+--------+--------+--------+-----+--------+
         Total |   4851 |   4831 |     20 |    526 |   3192 |   7 |  693.0 |
       Dungeon |   4851 |   4831 |     20 |    526 |   3192 |   7 |  693.0 |
               +--------+--------+--------+--------+--------+-----+--------+

Top non-repeatable levels by time:
     D:1: 1402 daAuts
     D:3: 1145 daAuts
     D:4: 945 daAuts
     D:2: 710 daAuts
     D:5: 500 daAuts
     D:7: 114 daAuts
     D:8: 31 daAuts
